 Dungeon Crawl Stone Soup version 0.17.0-28-g6e173f8 (webtiles) character file.

93 gorblad the Skirmisher (level 4, -7/44 HPs)
             Began as a Draconian Berserker on Nov 30, 2015.
             Was a Believer of Trog.
             Mangled by Sigmund
             ... wielding a +0 scythe
              (10 damage)
             ... on level 3 of the Dungeon.
             The game lasted 00:04:43 (2137 turns).

gorblad the Skirmisher (Draconian Berserker)        Turns: 2137, Time: 00:04:44

Health: -7/44      AC:  5    Str: 25    XL:     4   Next: 37%
Magic:  4/4        EV: 12    Int:  7    God:    Trog [**....]
Gold:   89         SH:  0    Dex: 11    Spells: 0 memorised, 3 levels left

rFire  . . .     SeeInvis .     a - +0 hand axe
rCold  . . .     Clarity  .     (armour unavailable)
rNeg   . . .     SustAt   .     (no shield)
rPois  .         Gourm    .     (helmet restricted)
rElec  .         Spirit   .     (no cloak)
rCorr  .         Warding  .     (no gloves)
rMut   .         Stasis   .     (no boots)
MR     .....                    (no amulet)
Stlth  +.........               (no ring)
                                n - +5 ring of strength

@: exhausted, slowed, very slow, not resistant to hostile enchantments, very
unstealthy
A: unfitting armour, cold-blooded, AC +5
a: Berserk, Trog's Hand, Burn Spellbooks, Renounce Religion


You were on level 3 of the Dungeon.
You worshipped Trog.
Trog was pleased with you.
You were very hungry.

You visited 1 branch of the dungeon, and saw 3 of its levels.

You collected 89 gold pieces.

Inventory:

Hand Weapons
 a - a +0 hand axe (weapon)
 j - a +0 short sword of venom
 o - a +0 club
Jewellery
 n - a +5 ring of strength (left hand)
Scrolls
 c - a scroll of remove curse {unknown}
 d - 2 scrolls of recharging {unknown}
 g - a scroll of immolation {unknown}
 l - 3 scrolls of identify {unknown}
 m - a scroll of blinking {unknown}
 q - a scroll of teleportation {unknown}
Potions
 e - a potion of cancellation {unknown}
 f - a potion of agility {unknown}
 p - a potion of might {unknown}
Comestibles
 b - a bread ration
 h - 2 meat rations
 i - a slice of pizza
 k - a chunk of flesh


   Skills:
 + Level 5.7 Fighting
 - Level 3.0 Axes
 - Level 2.6 Dodging


You had 3 spell levels left.
You didn't know any spells.

Dungeon Overview and Level Annotations

Branches:
Dungeon (3/15)

Altars:

Portals:
Sewer: D:3

Annotations:
D:3 Sigmund


Innate Abilities, Weirdness & Mutations

Your plain brown scales are hard (AC +5).
Your body does not fit into most forms of armour.
You are cold-blooded and may be slowed by cold attacks.


Message History

You hear some strange, mumbled words.
Something tries to affect you, but you resist.
You're too confused to move!
You are no longer berserk.
You are exhausted.
You feel yourself slow down.
You are feeling very hungry.
You hear some strange, mumbled words.
You are more confused.
Something hits you!
* * * LOW HITPOINT WARNING * * *
Something hits you but does no damage.
You hit something. Something hits you.
* * * LOW HITPOINT WARNING * * *
Something barely misses you.
You bump into the translucent rock wall.
The giant cockroach waves its antennae.
Something barely misses you.
You feel less confused. Something hits you!
You die...

#. ... #. .. #.####
.. ###....## ##.
#.......##..(
###........#.#
#.....<......# .
...###..#....#####...
.#####...#.@......#
#...).....#..#####...
#............#≈≈≈#...
....####..?..#≈≈≈#..#
.......$.....#≈∩≈#..#
....#..###...#s≈s#.##
. ..... #...#sss#.#
..... ##..##+##.##
......###..........##


You could see 5 giant cockroaches.

Vanquished Creatures
  3 adders
  2 worms (D:2)
  A giant gecko (D:3)
  A ball python (D:1)
  4 bats
  6 giant cockroaches
  6 goblins
  9 hobgoblins
  2 jackals (D:1)
  8 kobolds
  3 quokkas
  5 giant newts
  7 rats
57 creatures vanquished.

Notes
Turn   | Place    | Note
--------------------------------------------------------------
     0 | D:1      | gorblad the Draconian Berserker began the quest for the Orb.
     0 | D:1      | Reached XP level 1. HP: 19/19 MP: 1/1
   158 | D:1      | Reached XP level 2. HP: 21/27 MP: 2/2
   158 | D:1      | Reached skill level 4 in Fighting
   837 | D:1      | Reached ** piety under Trog
   837 | D:1      | Reached XP level 3. HP: 32/35 MP: 3/3
  1100 | D:2      | Reached skill level 5 in Fighting
  1364 | D:2      | Reached XP level 4. HP: 36/42 MP: 4/4
  2080 | D:3      | Found a glowing drain.
  2099 | D:3      | Noticed Sigmund
  2137 | D:3      | Mangled by Sigmund

Action                   |  1- 3 |  4- 6 || total
-------------------------+-------+-------++-------
Melee: Hand axe          |   145 |    46 ||   191
Invok: Berserk           |       |     1 ||     1
  Eat: Chunk             |     2 |     2 ||     4
